 Dungeon Crawl Stone Soup version 0.28-a0-447-g1f95980246 (webtiles) character file.

Game seed: 2582869823797145982

147 siradein the Poker (level 5, 0/42 HPs)
             Began as a Demonspawn Gladiator on Sept 13, 2021.
             Succumbed to a kobold brigand's curare-tipped dart
             ... in a sewer.
             The game lasted 00:07:41 (3284 turns).

siradein the Poker (Demonspawn Gladiator)           Turns: 3284, Time: 00:07:42

Health: 0/42       AC: 11    Str: 12 (15) XL:     5   Next: 8%
Magic:  5/5        EV: 11    Int:  6 (9)  God:
Gold:   73         SH:  0    Dex: 12 (15) Spells: 4/4 levels left

rFire   . . .      SeeInvis +   a - +0 trident
rCold   . . .      Faith    .   (no shield)
rNeg    . . .      Spirit   .   j - +0 ring mail
rPois   .          Reflect  .   c - +0 helmet
rElec   .          Harm     .   (no cloak)
rCorr   .          Rampage  .   (no gloves)
Will    .....                   p - +2 pair of boots
Stlth   +.........              (no amulet)
HPRegen 0.14/turn               b - ring of see invisible
MPRegen 0.09/turn               (no ring)

@: lethally poisoned (0 -> -11), slowed, very slow
A: claws 2, thin metallic scales 1
a: no special abilities


You were in a sewer.
You visited 1 branch of the dungeon, and saw 3 of its levels.
You also visited: Sewer.

You collected 73 gold pieces.

Inventory:

Hand Weapons
 a - a +0 trident (weapon)
Missiles
 d - 3 throwing nets (quivered)
Armour
 c - a +0 helmet (worn)
 j - a +0 ring mail (worn)
 p - a +2 pair of boots (worn)
Jewellery
 b - a ring of see invisible (left claw)
 n - a ring of ice
Scrolls
 e - a scroll of immolation {unknown}
 i - 2 scrolls of silence {unknown}
 k - a scroll of magic mapping {unknown}
 l - a scroll of enchant weapon {unknown}
 o - a scroll of enchant armour {unknown}


   Skills:
 + Level 4.0 Fighting
 + Level 4.2 Polearms
 - Level 1.7 Throwing
 - Level 2.6 Dodging


You had 4 spell levels left.
You didn't know any spells.
Your spell library contained the following spells:

 Spells                   Type           Power      Damage    Failure   Level
 Ensorcelled Hibernation  Hex/Ice        0%         N/A       86%         2
 Slow                     Hex            0%         N/A       86%         2
 Confusing Touch          Hex            0%         N/A       98%         3
 Spider Form              Tmut/Pois      0%         N/A       98%         3
 Yara's Violent Unravell  Hex/Tmut       0%         3d3       100%        5


Dungeon Overview and Level Annotations

Branches:
Dungeon (3/15)              Sewer (1/1)

Altars:

Annotations:
D:3 Grinder


Innate Abilities, Weirdness & Mutations

You have very sharp fingernails.
You are partially covered in thin metallic scales. (AC +2)


Message History

No target in view!
No target in view!
No target in view!
Things that are here:
a +0 whip; a kobold corpse A kobold brigand is nearby!
A kobold brigand is nearby!
A kobold brigand is nearby!
A kobold brigand is nearby!
The kobold brigand shouts!
The kobold brigand throws a curare-tipped dart.
The curare-tipped dart barely misses you.
The kobold shouts!
The kobold throws a stone.
The stone hits you but does no damage.
A kobold comes into view.
It is wielding a +0 dagger and quivering poisoned darts.
The kobold shouts!
The kobold throws a poisoned dart.
The poisoned dart barely misses you.
The kobold brigand throws a curare-tipped dart.
The curare-tipped dart hits you.
You are poisoned.
You have difficulty breathing.
You feel yourself slow down.
You feel very sick. The kobold completely misses you.
You feel very sick.
You feel sick.
You feel sick.
The kobold throws a poisoned dart.
The poisoned dart barely misses you.
The kobold throws a stone.
The stone barely misses you.
The kobold brigand throws a curare-tipped dart.
The curare-tipped dart hits you.
You are more poisoned.
You have difficulty breathing.
You feel as though you will be slow longer.
* * * LOW HITPOINT WARNING * * *
You feel extremely sick.
* * * LOW HITPOINT WARNING * * *
You feel very sick.
You enter the shallow water.
Moving in this stuff is going to be slow.
You die...

#≈# #≈# #≈# #≈# #≈# #≈# #≈#
#≈# ##@#########
#######≈≈.K......#
#######.....)≈≈≈.K≈≈≈≈.#
#≈≈≈≈≈≈≈≈≈≈≈≈≈≈≈≈≈≈≈≈≈.#
≈≈≈≈≈≈≈≈≈≈≈≈≈≈≈≈≈≈≈≈≈≈≈≈...
###≈≈≈≈≈≈≈≈≈≈≈≈≈K≈≈≈≈≈≈.#...
######.....≈..≈.≈≈≈≈..#....
###.###.≈≈..≈.≈..# .## #∩#
############ ##


You could see a kobold brigand and 2 kobolds.

Vanquished Creatures
  5 adders
  A worm (D:2)
  10 dart slugs
  5 orcs (D:3)
  2 bats
  3 endoplasms
  3 giant cockroaches
  3 goblins (D:1)
  6 hobgoblins
  10 jackals
  4 quokkas (D:3)
  3 ball pythons
  5 frilled lizards
  4 kobolds
  11 rats
75 creatures vanquished.

Notes
Turn   | Place    | Note
-------+----------+-------------------------------------------
     0 | D:1      | siradein the Demonspawn Gladiator began the quest for the
                  | Orb.
     0 | D:1      | Reached XP level 1. HP: 16/16 MP: 1/1
   162 | D:1      | Gained mutation: You have sharp fingernails. [demonic
                  | ancestry]
   162 | D:1      | Reached XP level 2. HP: 23/23 MP: 2/2
  1016 | D:1      | Gained mutation: You have very sharp fingernails. [demonic
                  | ancestry]
  1016 | D:1      | Reached XP level 3. HP: 28/28 MP: 3/3
  1318 | D:2      | Found a faded altar of an unknown god.
  2256 | D:2      | Gained mutation: You are partially covered in thin metallic
                  | scales. (AC +2) [demonic ancestry]
  2256 | D:2      | Reached XP level 4. HP: 35/35 MP: 4/4
  2592 | D:3      | Noticed Grinder
  2715 | D:3      | Reached XP level 5. HP: 3/42 MP: 5/5
  2729 | D:3      | Found a glowing drain.
  2734 | D:3      | HP: 2/42 [quokka (4)]
  2735 | Sewer    | Entered a sewer
  3284 | Sewer    | Succumbed to a kobold brigand's curare-tipped dart

Illustrated notes

Levels and vault maps discovered:
D:1:      dpeg_arrival_pits, layout_loops_corners, minmay_misc_feat_doors
D:2:      layout_loops_corners, hellmonk_ecumenical_altar_leap_of_faith,
          kennysheep_generic_room_7
D:3:      kennysheep_slugbush, layout_basic, gup_sewer_entry_bubbles,
          kennysheep_generic_room_14, uniq_grinder
Sewer:    sewer_kobolds

Skill      XL: |  1  2  3  4  5 |
---------------+----------------+-----
Polearms       | 3 4 |  4.2
Fighting       | 3 4 |  4.0
Throwing       | |  1.7
Dodging        | |  2.6

Action                   |  1- 3 |  4- 6 || total
-------------------------+-------+-------++-------
Melee: Trident           |   157 |   103 ||   260
  Use: Potion            |       |     5 ||     5
 Stab: Invisible         |       |     1 ||     1
Armor: Leather armour    |     9 |       ||     9
       Ring mail         |    48 |    61 ||   109
Dodge: Dodged            |    86 |    84 ||   170

Table legend: (Time is in decaauts)
 A = Elapsed time spent in this place.
 B = Non-inter-level travel time spent in this place.
 C = Inter-level travel time spent in this place.
 D = Time resting spent in this place.
 E = Time spent auto-exploring this place.
 F = Levels seen in this place.
 G = Mean time per level.
                   A        B        C        D        E       F      G
               +--------+--------+--------+--------+--------+-----+--------+
         Total |   3373 |   3329 |     44 |    511 |   2085 |   4 |  843.2 |
       Dungeon |   2793 |   2749 |     44 |    147 |   1982 |   3 |  931.0 |
         Sewer |    580 |    580 |      0 |    363 |    103 |   1 |  580.0 |
               +--------+--------+--------+--------+--------+-----+--------+

Top non-repeatable levels by time:
     D:1: 1220 daAuts
     D:2: 1135 daAuts
   Sewer: 580 daAuts
     D:3: 437 daAuts
